 Dungeon Sprint DCSS version 0.27-a0-538-g15ff5c5295 (webtiles) character file.

Game seed: 15213913689883842131

71700 mhtbhm the Executioner (level 14, -8/145 (158) HPs)
             Began as a Minotaur Fighter on Mar 7, 2021.
             Was the Champion of Trog.
             Killed from afar by a Tzitzimitl (15 damage)
             ... with a bolt of negative energy
             ... summoned by Ereshkigal
             ... in the Dungeon (Sprint VII: "The Pits").
             The game lasted 00:13:02 (5526 turns).

mhtbhm the Executioner (Minotaur Fighter)           Turns: 5526, Time: 00:13:02

HP:   -8/145 (158)  AC: 32    Str: 25    XL:     14   Next: 98%
MP:   13/13         EV: 15    Int:  5    God:    Trog [******]
Gold: 84            SH: 26    Dex: 14    Spells: 13/13 levels left

rFire    . . .     SeeInvis .   a - +7 broad axe (flame)
rCold    . . .     Faith    .   c - +1 tower shield
rNeg     . . .     Spirit   .   b - +5 plate armour
rPois    +         Reflect  .   (helmet restricted)
rElec    .         Harm     .   F - +1 cloak {rPois}
rCorr    .         Rampage  .   E - +1 pair of gloves {Dex+3}
Will     ++...     NoTele   +   o - +1 pair of boots
Stlth    ..........             w - amulet of regeneration
HPRegen  1.34/turn              m - +3 ring of evasion
MPRegen  0.13/turn              r - ring of willpower

@: mighty, berserk cooldown, hasted and slowed, drained
A: horns 2, screaming 1, retaliatory headbutt
a: Renounce Religion, Berserk, Trog's Hand, Brothers in Arms


You were in the Dungeon.
You worshipped Trog.
Trog was exalted by your worship.
You visited 1 branch You collected 84 gold pieces.

Inventory:

Hand Weapons
 a - a +7 broad axe of flaming (weapon)
 C - the +10 hand axe "Ocacviep" {vorpal, +Rage Will+ Int-2}
   (Trog gifted it to you in the Dungeon)

   It inflicts extra damage upon your enemies.
   It affects your intelligence (-2).
   It affects your willpower, your defense against some magical effects.
   It lets you go berserk.
 D - the +11 hand axe of Monniag {vorpal, +Inv}
   (Trog gifted it to you in the Dungeon)

   It inflicts extra damage upon your enemies.
   It lets you turn invisible.
 G - a +1 eudemon blade of holy wrath
 H - the +9 war axe of Ythrumot {flame, rElec Will- Int+4}
   (Trog gifted it to you in the Dungeon)

   It has been specially enchanted to burn those struck by it, causing extra
   injury to most foes and up to half again as much damage against particularly
   susceptible opponents.
   Big, fiery blades are also staple armaments of hydra-hunters.
   It affects your intelligence (+4).
   It insulates you from electricity.
   It affects your willpower, your defense against some magical effects.
Missiles
 p - 37 silver javelins
 y - 3 curare-tipped darts (quivered)
Armour
 b - a +5 plate armour (worn)
 c - a +1 tower shield (worn)
 o - a +1 pair of boots (worn)
 E - a +1 pair of gloves of dexterity (worn)
 F - a +1 cloak of poison resistance (worn)
Jewellery
 m - a +3 ring of evasion (left hand)
 n - a +3 ring of evasion
 r - a ring of willpower (right hand)
 u - a ring of positive energy
 w - an amulet of regeneration (around neck)
Scrolls
 l - a scroll of summoning
 s - 3 scrolls of enchant armour
 t - a scroll of identify
 v - a scroll of fog
 z - 3 scrolls of fear
 B - 6 scrolls of enchant weapon
Potions
 d - 5 potions of might
 e - 4 potions of curing
 g - 4 potions of haste
 h - 4 potions of magic
 i - 2 potions of berserk rage
 k - a potion of invisibility
 A - 2 potions of resistance
Miscellaneous
 q - a phantom mirror
 x - a condenser vane


   Skills:
 + Level 23.9 Fighting
 + Level 25.2 Axes
 + Level 18.9 Armour
 + Level 11.2 Dodging
 - Level 2.1 Stealth
 + Level 24.3 Shields
 + Level 2.1 Evocations


You had 13 spell levels left.
You didn't know any spells.
Your spell library was empty.

Dungeon Overview and Level Annotations

Branches:
Dungeon (1/1)

Altars:
Cheibriados
Dithmenos
Elyvilon
Fedhas
Gozag
Hepliaklqana
Makhleb
Nemelex Xobeh
Okawaru
Qazlal
Ru
Sif Muna
Trog
Vehumet
Wu Jian
Xom
Yredelemnul
Zin
The Shining One
Beogh
Jiyva
Lugonu

Annotations:
D Ereshkigal


Innate Abilities, Weirdness & Mutations

You have a pair of horns on your head.
You reflexively headbutt those who attack you in melee.
You occasionally shout uncontrollably at your foes.


Message History

Your plate armour prevents you from hitting Ereshkigal.
Ereshkigal is moderately wounded.
Unknown command.
You completely miss Ereshkigal.
Ereshkigal is moderately wounded.
Ereshkigal misses you.
You closely miss Ereshkigal.
Ereshkigal is moderately wounded.
Ereshkigal gestures.
Unknown command.
You completely miss Ereshkigal. Your headbutt misses Ereshkigal.
Ereshkigal is moderately wounded.
Your extra speed is starting to run out.
The Tzitzimitl gestures at you.
The bolt of negative energy hits Ereshkigal.
Ereshkigal completely resists.
The bolt of negative energy hits you!!
You feel drained.
* * * LOW HITPOINT WARNING * * *
You chop Ereshkigal into pieces!!! You burn Ereshkigal.
Ereshkigal is heavily wounded.
You are no longer berserk.
You are exhausted.
You feel yourself slow down.
Ereshkigal gestures.
Unknown command.
You barely miss Ereshkigal.
Ereshkigal is heavily wounded.
You miss the Tzitzimitl.
Ereshkigal becomes audible again.
You block Ereshkigal's attack.
Unknown command.
You slice Ereshkigal!! You burn Ereshkigal.
Ereshkigal is heavily wounded.
You slice the Tzitzimitl!! You burn the Tzitzimitl!
You block the Tzitzimitl's attack. The Tzitzimitl barely misses you.
You block Ereshkigal's attack. The Tzitzimitl gestures at you.
The bolt of negative energy hits Ereshkigal.
Ereshkigal completely resists.
The bolt of negative energy hits you!
You feel drained.
You die...

#.#
#'#
#.#
#'#
#.#
#1#
#1#
#&#
#@#
#1#
##)##
#...#
+..[#
##)##
#'#
#.#
#'#


You could see Ereshkigal and 3 Tzitzimimeh.

Vanquished Creatures
  Mennas (D)
  2 royal mummies (D)
  A bone dragon (D)
  A Brimstone Fiend (D)
  An Ice Fiend (D)
  A titan (D)
  A storm dragon (D)
  An azure jelly (D)
  A daeva (D)
  A fire giant (D)
  A ghost moth (D)
  A cacodemon (D)
  A minotaur (D)
  A red draconian (D)
  A yellow draconian (D)
  A merfolk javelineer (D)
  An eidolon (D)
  A blizzard demon (D)
  A death ooze (D)
  A fire dragon (D)
  2 deep elf high priests (D)
  A great orb of eyes (D)
  2 naga warriors (D)
  A spriggan air mage (D)
  An ice dragon (D)
  A catoblepas (D)
  Erica (D)
  An orc high priest (D)
  2 vampire magi (D)
  4 skeletal warriors (D)
  A deep elf knight (D)
  A fire crab (D)
  A swamp dragon (D)
  2 unseen horrors (D)
  A sea snake (D)
  A phantasmal warrior (D)
  A lindwurm (D)
  4 orc knights (D)
  An ugly thing (D)
  2 orc sorcerers (D)
  A merfolk siren (D)
  2 cane toads (D)
  A guardian serpent (D)
  An orange demon (D)
  A rime drake (D)
  2 kobold demonologists (D)
  2 gargoyles (D)
  A yaktaur (D)
  3 freezing wraiths (D)
  2 wind drakes (D)
  3 merfolk (D)
  A tyrant leech (D)
  A polar bear (D)
  2 hornets (D)
  A raiju (shapeshifter) (D)
  10 dream sheep (D)
  2 snapping turtles (D)
  2 redbacks (D)
  2 shadows (D)
  A wraith (D)
  A wyvern (D)
  Eustachio (D)
  2 chaos spawn (D)
  A golden eye (D)
  A basilisk (D)
  2 vampire mosquitoes (D)
  An acid dragon (D)
  A warg (D)
  A small abomination (D)
  A soldier ant (D)
  An ice beast (D)
  Purgy (D)
  2 ogres (D)
  5 wolves (D)
  2 centaurs (D)
  An earth elemental (D)
  2 crimson imps (D)
  2 iguanas (D)
  3 worker ants (D)
  A hell rat (D)
  An orc wizard (D)
  A mummy (D)
  3 adders (D)
  A gnoll (D)
  A river rat (D)
  An ooze (D)
  A worm (D)
  An adder simulacrum (D)
  2 leopard geckos (D)
  A goblin (D)
  3 hobgoblins (D)
  4 jackals (D)
  A frilled lizard (D)
  5 kobolds (D)
  A rat (D)
152 creatures vanquished.

Vanquished Creatures (collateral kills)
  2 orc warlords (D)
  3 vault guards (D)
  A naga warrior (D)
  A death knight (D)
  5 death yaks (D)
  A deep elf knight (D)
  6 orc knights (D)
  A black mamba (D)
20 creatures vanquished.

Vanquished Creatures (others)
  An orc knight (D)
1 creature vanquished.

Grand Total: 173 creatures vanquished

Notes
Turn   | Place    | Note
-------+----------+-------------------------------------------
     0 | D        | mhtbhm the Minotaur Fighter began the quest for the Orb.
     0 | D        | Reached XP level 1. HP: 19/19 MP: 0/0
    15 | D        | Found a bloodstained altar of Trog.
    15 | D        | Found a shimmering blue altar of Sif Muna.
    15 | D        | Found a viscous altar of Jiyva.
    15 | D        | Found a hazy altar of Hepliaklqana.
    15 | D        | Found an opulent altar of Gozag.
    16 | D        | Found a glowing golden altar of the Shining One.
    16 | D        | Found a glowing silver altar of Zin.
    16 | D        | Found a basalt altar of Yredelemnul.
    16 | D        | Found a shimmering altar of Xom.
    16 | D        | Found an ornate altar of the Wu Jian Council.
    16 | D        | Found a sacrificial altar of Ru.
    16 | D        | Found a stormy altar of Qazlal.
    16 | D        | Found an iron altar of Okawaru.
    16 | D        | Found a sparkling altar of Nemelex Xobeh.
    16 | D        | Found a burning altar of Makhleb.
    16 | D        | Found a blossoming altar of Fedhas.
    16 | D        | Found a white marble altar of Elyvilon.
    16 | D        | Found a shadowy altar of Dithmenos.
    16 | D        | Found a snail-covered altar of Cheibriados.
    18 | D        | Found a radiant altar of Vehumet.
    18 | D        | Found a corrupted altar of Lugonu.
    20 | D        | Became a worshipper of Trog the Wrathful
    55 | D        | Noticed a worker ant
    59 | D        | Reached XP level 2. HP: 24/28 MP: 1/1
    64 | D        | Reached skill level 5 in Fighting
    64 | D        | Reached skill level 3 in Axes
    64 | D        | Reached skill level 5 in Armour
    64 | D        | Reached skill level 5 in Shields
    64 | D        | Reached XP level 3. HP: 19/36 MP: 2/2
   252 | D        | Reached * piety under Trog
   255 | D        | Reached skill level 4 in Axes
   315 | D        | Reached ** piety under Trog
   324 | D        | Reached XP level 4. HP: 27/44 MP: 3/3
   484 | D        | Noticed an ice beast
   485 | D        | Noticed a centaur
   485 | D        | Noticed a centaur
   546 | D        | Reached *** piety under Trog
   557 | D        | Killed an ice beast
   558 | D        | Reached skill level 6 in Axes
   558 | D        | Reached skill level 1 in Dodging
   558 | D        | Reached XP level 5. HP: 49/52 MP: 4/4
   570 | D        | Killed a centaur
   571 | D        | Reached skill level 7 in Axes
   571 | D        | Killed a centaur
   571 | D        | Reached **** piety under Trog
   572 | D        | Reached skill level 8 in Axes
   572 | D        | Reached XP level 6. HP: 47/62 MP: 5/5
   576 | D        | Reached skill level 9 in Axes
   634 | D        | Noticed Purgy
   642 | D        | Killed Purgy
   645 | D        | Noticed an orc high priest
   660 | D        | Noticed a sun demon
   665 | D        | Killed an orc high priest
   666 | D        | Reached skill level 10 in Fighting
   666 | D        | Reached skill level 11 in Axes
   666 | D        | Reached skill level 10 in Armour
   666 | D        | Reached skill level 1 in Stealth
   666 | D        | Reached skill level 10 in Shields
   666 | D        | Reached XP level 7. HP: 22/72 MP: 6/6
   666 | D        | Reached XP level 8. HP: 24/79 MP: 7/7
   937 | D        | Reached ***** piety under Trog
   941 | D        | Received a gift from Trog
   949 | D        | Noticed a gargoyle
   957 | D        | Killed a gargoyle
   958 | D        | Reached skill level 12 in Axes
  1072 | D        | Noticed a white ugly thing
  1073 | D        | Noticed a gargoyle
  1080 | D        | Killed a gargoyle
  1081 | D        | Reached skill level 13 in Axes
  1081 | D        | Killed a white ugly thing
  1081 | D        | Received a gift from Trog
  1082 | D        | Reached XP level 9. HP: 44/89 MP: 8/8
  1332 | D        | Reached skill level 14 in Axes
  1332 | D        | Reached skill level 5 in Dodging
  1380 | D        | Noticed a rime drake
  1381 | D        | Noticed a vampire mage
  1390 | D        | Killed a rime drake
  1393 | D        | Killed a vampire mage
  1394 | D        | Reached skill level 15 in Axes
  1830 | D        | Noticed a lindwurm
  1831 | D        | Noticed a freezing wraith
  1837 | D        | Killed a lindwurm
  1840 | D        | Killed a freezing wraith
  1841 | D        | Reached XP level 10. HP: 90/100 MP: 9/9
  1993 | D        | Noticed a phantasmal warrior
  1996 | D        | Received a gift from Trog
  1997 | D        | Reached skill level 16 in Axes
  2002 | D        | Killed a phantasmal warrior
  2018 | D        | Killed an unseen horror
  2280 | D        | Noticed a sea snake
  2286 | D        | Killed a sea snake
  2287 | D        | Reached skill level 17 in Axes
  2299 | D        | Reached ****** piety under Trog
  2304 | D        | Received a gift from Trog
  2580 | D        | Killed an unseen horror
  2581 | D        | Reached skill level 18 in Axes
  2589 | D        | Noticed a merfolk javelineer
  2593 | D        | Reached XP level 11. HP: 64/111 MP: 10/10
  2605 | D        | Received a gift from Trog
  2606 | D        | Killed a merfolk javelineer
  2607 | D        | Reached skill level 15 in Fighting
  3015 | D        | Reached skill level 19 in Axes
  3178 | D        | Noticed Erica
  3181 | D        | Received a gift from Trog
  3189 | D        | Killed Erica
  3190 | D        | Reached skill level 15 in Shields
  3387 | D        | Noticed a minotaur
  3400 | D        | Killed a minotaur
  3435 | D        | Noticed a skeletal warrior
  3435 | D        | Noticed a skeletal warrior
  3435 | D        | Noticed a skeletal warrior
  3435 | D        | Noticed a skeletal warrior
  3445 | D        | Noticed Eustachio
  3446 | D        | Killed a skeletal warrior
  3449 | D        | Killed a skeletal warrior
  3450 | D        | Killed a skeletal warrior
  3450 | D        | Received a gift from Trog
  3451 | D        | Reached skill level 20 in Axes
  3453 | D        | Killed a skeletal warrior
  3454 | D        | Killed Eustachio
  3454 | D        | Received a gift from Trog
  3455 | D        | Reached XP level 12. HP: 125/125 MP: 11/11
  3465 | D        | Gained mutation: You occasionally shout uncontrollably at
                  | your foes. [a neqoxec]
  3468 | D        | Received a gift from Trog
  3733 | D        | Noticed a bone dragon
  3742 | D        | Noticed an eidolon
  3755 | D        | Killed a bone dragon
  3755 | D        | Received a gift from Trog
  3758 | D        | Killed an eidolon
  3759 | D        | Reached skill level 21 in Axes
  3764 | D        | Received a gift from Trog
  3768 | D        | Noticed a catoblepas
  3771 | D        | Killed a catoblepas
  3773 | D        | Identified the +1 leather armour of the World {rElec rPois
                  | Dex-5 Slay+3}
  3773 | D        | Noticed a vampire mage
  3785 | D        | Received a gift from Trog
  3786 | D        | Reached skill level 15 in Armour
  3789 | D        | Killed a vampire mage
  3802 | D        | Received a gift from Trog
  4061 | D        | Noticed a great orb of eyes
  4061 | D        | Noticed a deep elf high priest
  4061 | D        | Noticed a deep elf high priest
  4061 | D        | Noticed a fire dragon
  4064 | D        | Identified the +10 hand axe "Ocacviep" {vorpal, +Rage Will+
                  | Int-2} (Trog gifted it to you in the Dungeon)
  4064 | D        | Received a gift from Trog
  4069 | D        | Killed a great orb of eyes
  4070 | D        | Reached XP level 13. HP: 138/138 MP: 12/12
  4074 | D        | Reached skill level 22 in Axes
  4074 | D        | Identified the +11 hand axe of Monniag {vorpal, +Inv} (Trog
                  | gifted it to you in the Dungeon)
  4074 | D        | Received a gift from Trog
  4079 | D        | Reached skill level 10 in Dodging
  4079 | D        | Killed a fire dragon
  4158 | D        | Noticed an orc warlord
  4158 | D        | Noticed an orc warlord
  4162 | D        | Received a gift from Trog
  4168 | D        | Noticed a red draconian
  4170 | D        | Killed an orc warlord
  4179 | D        | Killed an orc warlord
  4184 | D        | Received a gift from Trog
  4194 | D        | Reached skill level 23 in Axes
  4196 | D        | Received a gift from Trog
  4202 | D        | Killed a red draconian
  4668 | D        | Noticed Mennas
  4729 | D        | Killed Mennas
  4730 | D        | Reached skill level 1 in Evocations
  4730 | D        | Reached XP level 14. HP: 132/154 MP: 13/13
  4738 | D        | Noticed a royal mummy
  4747 | D        | Killed a royal mummy
  4747 | D        | Received a gift from Trog
  4752 | D        | Noticed an azure jelly
  4755 | D        | Killed an azure jelly
  4758 | D        | Noticed a titan
  4765 | D        | Killed a titan
  4766 | D        | Reached skill level 24 in Axes
  4910 | D        | Noticed a daeva
  4910 | D        | Noticed a cacodemon
  4910 | D        | Noticed a fire giant
  4910 | D        | Noticed an Ice Fiend
  4910 | D        | Noticed a ghost moth
  4914 | D        | Killed a ghost moth
  4917 | D        | Killed an Ice Fiend
  4919 | D        | Identified the +9 war axe of Ythrumot {flame, rElec Will-
                  | Int+4} (Trog gifted it to you in the Dungeon)
  4919 | D        | Received a gift from Trog
  4929 | D        | Killed a daeva
  4932 | D        | Killed a fire giant
  4939 | D        | Killed a cacodemon
  5210 | D        | Noticed a royal mummy
  5214 | D        | Noticed an emperor scorpion
  5214 | D        | Noticed an emperor scorpion
  5214 | D        | Noticed an emperor scorpion
  5214 | D        | Noticed an emperor scorpion
  5219 | D        | Killed a royal mummy
  5219 | D        | Received a gift from Trog
  5373 | D        | Noticed a storm dragon
  5385 | D        | Killed a storm dragon
  5386 | D        | Reached skill level 25 in Axes
  5416 | D        | Noticed a Brimstone Fiend
  5423 | D        | Killed a Brimstone Fiend
  5477 | D        | Noticed Ereshkigal
  5515 | D        | Noticed a Tzitzimitl
  5523 | D        | Noticed a Tzitzimitl
  5523 | D        | HP: 7/225 [Tzitzimitl/bolt of negative energy[Ereshkigal]
                  | (27)]
  5525 | D        | Noticed a Tzitzimitl
  5526 | D        | Killed from afar by a Tzitzimitl

Illustrated notes

Levels and vault maps discovered:
D:        pitsprint [storerooms_1, entrance_room_1, metal_vault_5, armoury_1,
          mini_pit_1, grid_room_1, main_hall_1, silver_pit, the_coven_2,
          the_vestibule_1, steel_vault_2, golden_pit, hallway_of_sentries,
          crystal_vault_3, iron_vault_4, final_vault]

Skill      XL: |  1  2  3  4  5  6  7  8  9 10 11 12 13 14 |
---------------+-------------------------------------------+-----
Armour         | 4 5 6 7 8 10 11 12 13 14 15 16 18 | 18.9
Fighting       | 4 5 6 7 8 10 11 12 14 17 19 22 23 | 23.9
Shields        | 4 5 7 8 10 11 12 14 16 18 20 24 | 24.3
Axes           | 3 4 6 8 11 13 15 18 20 21 23 25 | 25.2
Dodging        | 1 2 4 5 6 7 9 11 | 11.2
Stealth        | 1 2 |  2.1
Evocations     | 1 2 |  2.1

Action                   |  1- 3 |  4- 6 |  7- 9 | 10-12 | 13-15 || total
-------------------------+-------+-------+-------+-------+-------++-------
Melee: Hand axe          |    24 |    56 |    13 |       |       ||    93
       Headbutt          |     6 |     7 |     7 |    53 |    45 ||   118
       War axe           |     1 |       |       |       |       ||     1
       Broad axe         |       |       |    29 |   225 |   186 ||   440
Invok: Berserk           |       |     2 |     5 |     5 |     6 ||    18
       Brothers in Arms  |       |       |       |     1 |     8 ||     9
       Trog's Hand       |       |       |       |       |     2 ||     2
Evoke: Condenser vane    |       |       |       |       |     2 ||     2
  Use: Potion            |       |     1 |       |       |    18 ||    19
       Scroll            |       |       |       |     1 |     1 ||     2
 Stab: Invisible         |       |       |       |       |     4 ||     4
       Confused          |       |       |       |       |     3 ||     3
Armor: Scale mail        |     7 |       |     8 |    64 |       ||    79
       Chain mail        |       |    18 |     5 |       |    10 ||    33
       Plate armour      |       |       |       |       |    46 ||    46
Dodge: Dodged            |     8 |    14 |     8 |    53 |    45 ||   128
Block: Kite shield       |    12 |    35 |    18 |   123 |    29 ||   217
       Tower shield      |       |       |       |       |   115 ||   115

Table legend: (Time is in decaauts)
 A = Elapsed time spent in this place.
 B = Non-inter-level travel time spent in this place.
 C = Inter-level travel time spent in this place.
 D = Time resting spent in this place.
 E = Time spent auto-exploring this place.
 F = Levels seen in this place.
 G = Mean time per level.
                   A        B        C        D        E       F      G
               +--------+--------+--------+--------+--------+-----+--------+
         Total |   5551 |   5551 |      0 |   3408 |     55 |   1 | 5551.0 |
       Dungeon |   5551 |   5551 |      0 |   3408 |     55 |   1 | 5551.0 |
               +--------+--------+--------+--------+--------+-----+--------+

Top non-repeatable levels by time:
       D: 5551 daAuts
